 Dungeon Crawl Stone Soup version 0.21.1-1-g345015f (webtiles) character file.

270 Fang the Chopper (level 6, -7/58 HPs)
             Began as a Gargoyle Berserker on May 17, 2018.
             Was a Believer of Trog.
             Mangled by a mummy (12 damage)
             ... in an ossuary.
             The game lasted 00:03:13 (3478 turns).

Fang the Chopper (Gargoyle Berserker)               Turns: 3478, Time: 00:03:14

Health: -7/58      AC:  6    Str: 28    XL:     6   Next: 22%
Magic:  6/6        EV: 12    Int:  7    God:    Trog [**....]
Gold:   110        SH:  0    Dex:  9    Spells: 5/5 levels left

rFire    . . .     SeeInvis .   a - +0 hand axe
rCold    . . .     Gourm    .   (no shield)
rNeg     + . .     Faith    .   b - +0 animal skin
rPois    ∞         Spirit   .   (no helmet)
rElec    +         Reflect  .   (no cloak)
rCorr    .         Harm     .   (no gloves)
MR       .....                  (no boots)
Stlth    ..........             (no amulet)
HPRegen  0.19/turn              (no ring)
MPRegen  0.10/turn              (no ring)

@: berserking, very quick
A: negative energy resistance 1, electricity resistance, unbreathing,
petrification resistance, rot immunity, AC +4
a: Berserk, Trog's Hand, Burn Spellbooks, Renounce Religion


You were in an ossuary.
You worshipped Trog.
Trog was pleased with you.
You were not hungry.

You visited 1 branch of the dungeon, and saw 4 of its levels.
You also visited: Ossuary.

You collected 110 gold pieces.

Inventory:

Hand Weapons
 a - a +0 hand axe (weapon)
Missiles
 q - 2 tomahawks (quivered)
Armour
 b - a +0 animal skin (worn)
Scrolls
 d - 3 scrolls of identify {unknown}
 g - 2 scrolls of immolation {unknown}
 i - 2 scrolls of fear {unknown}
 k - a scroll of enchant weapon {unknown}
 l - 3 scrolls of amnesia {unknown}
 n - a scroll of teleportation {unknown}
 s - 2 scrolls of remove curse {unknown}
Potions
 c - a potion of resistance {unknown}
 e - 4 potions of flight {unknown}
 f - a potion of invisibility {unknown}
 h - a potion of lignification {unknown}
 j - 3 potions of curing {unknown}
 o - a potion of agility {unknown}
 r - a potion of heal wounds {unknown}
Comestibles
 m - 2 rations


   Skills:
 + Level 4.6 Fighting
 + Level 4.7 Axes
 + Level 2.3 Armour
 + Level 2.7 Dodging
 + Level 1.0 Stealth


You had 5 spell levels left.
You didn't know any spells.

Dungeon Overview and Level Annotations

Branches:
Dungeon (4/15)
 Temple: D:4-7

Altars:
Ashenzari
Hepliaklqana
The Shining One


Innate Abilities, Weirdness & Mutations

You are resistant to torment.
Your stone body is resilient. (AC +4)
You are immune to poison.
You resist negative energy. (rN+)
You are resistant to electric shocks. (rElec)
You can survive without breathing.
You are immune to petrification.
You are immune to rotting.


Message History

You're too hungry to rest.
You open the door.
A mummy comes into view.
Found 24 gold pieces.
You eat one of the 3 rations.
That ration really hit the spot!
The mummy hits you.
You hit the mummy.
The mummy is lightly damaged.
You hit the mummy but do no damage.
The mummy is lightly damaged.
The mummy hits you!
* * * LOW HITPOINT WARNING * * *
You are too injured to fight recklessly!
You are too injured to fight recklessly!
You are too injured to fight recklessly!
You are too injured to fight recklessly!
A red film seems to cover your vision as you go berserk!
You feel yourself moving faster!
You feel mighty!
You feel quite a bit more hungry. The mummy hits you!
You die...

#################
#........∩..∩....
#................
#......########..
#...####.M@...####
#..##.#$$#.......#
#..'..####.#####.∩
#..##......#
#...####...# #....
##### #.....
#...... #......#


You could see a mummy.

Vanquished Creatures
  3 human zombies (Ossuary)
  An orc wizard (D:3)
  A hound zombie (Ossuary)
  3 adders
  3 oozes
  3 adder zombies (Ossuary)
  4 worms
  3 dart slugs
  3 leopard geckos
  4 orcs (D:3)
  3 ball pythons
  2 giant cockroaches
  A goblin (D:3)
  5 hobgoblins
  2 jackals (D:3)
  8 bats
  3 frilled lizards
  A hobgoblin zombie (Ossuary)
  A jackal skeleton (D:4)
  A jackal zombie (Ossuary)
  6 kobolds
  An orc zombie (Ossuary)
  5 rats
  A rat zombie (Ossuary)
68 creatures vanquished.

Notes
Turn   | Place    | Note
-------+----------+-------------------------------------------
     0 | D:1      | Fang the Gargoyle Berserker began the quest for the Orb.
     0 | D:1      | Reached XP level 1. HP: 14/14 MP: 1/1
    48 | D:1      | Reached XP level 2. HP: 8/19 MP: 2/2
   449 | D:1      | You fall through a shaft!
   843 | D:2      | Reached XP level 3. HP: 17/24 MP: 3/3
   871 | D:2      | Found a hazy altar of Hepliaklqana.
  1216 | D:2      | Found a glowing golden altar of the Shining One.
  1432 | D:2      | Found a shattered altar of Ashenzari.
  2135 | D:3      | Reached XP level 4. HP: 20/29 MP: 4/4
  2679 | D:3      | Reached XP level 5. HP: 33/33 MP: 5/5
  2715 | D:3      | Reached ** piety under Trog
  3200 | D:4      | Found a sand-covered staircase.
  3205 | Ossuary  | Entered an ossuary
  3412 | Ossuary  | Reached skill level 1 in Stealth
  3431 | Ossuary  | Reached XP level 6. HP: 29/39 MP: 6/6
  3478 | Ossuary  | Mangled by a mummy

Skill      XL: |  1  2  3  4  5 |
---------------+----------------+-----
Axes           | 3 4 |  4.7
Fighting       | 4 |  4.6
Dodging        | 2 |  2.7
Stealth        | 1 |  1.0
Armour         | |  2.3

Action                   |  1- 3 |  4- 6 || total
-------------------------+-------+-------++-------
Melee: Hand axe          |   103 |   179 ||   282
Invok: Berserk           |     2 |     3 ||     5
  Eat: Chunk             |     1 |     6 ||     7
       Ration            |     1 |     1 ||     2
Armor: Animal skin       |    31 |    67 ||    98
Dodge: Dodged            |    81 |   115 ||   196
